 Dungeon Crawl Stone Soup version 0.22-a0-456-g11ed031 (webtiles) character file.

98 galech the Shield-Bearer (level 4, -1/29 HPs)
             Began as a Gargoyle Fighter on June 6, 2018.
             Splashed by a jelly's acid (4 damage)
             ... on level 2 of the Dungeon.
             The game lasted 00:01:15 (778 turns).

galech the Shield-Bearer (Gargoyle Fighter)          Turns: 778, Time: 00:01:15

Health: -1/29      AC:  6    Str: 20    XL:     4   Next: 69%
Magic:  4/4        EV:  7    Int:  9    God:
Gold:   35         SH:  9    Dex:  9    Spells: 3/3 levels left

rFire    . . .     SeeInvis .   a - +0 flail
rCold    . . .     Gourm    .   c - +0 shield
rNeg     + . .     Faith    .   b - +0 scale mail
rPois    ∞         Spirit   .   (no helmet)
rElec    +         Reflect  .   (no cloak)
rCorr    .         Harm     .   (no gloves)
MR       .....                  (no boots)
Stlth    ..........             (no amulet)
HPRegen  0.09/turn              (no ring)
MPRegen  0.09/turn              (no ring)

@: corroded
A: negative energy resistance 1, electricity resistance, unbreathing,
petrification resistance, rot immunity, AC +3
a: no special abilities


You were on level 2 of the Dungeon.
You were not hungry.

You visited 1 branch of the dungeon, and saw 2 of its levels.

You collected 35 gold pieces.

Inventory:

Hand Weapons
 a - a +0 flail (weapon)
Armour
 b - a +0 scale mail (worn)
 c - a +0 shield (worn)
Scrolls
 e - a scroll of enchant armour {unknown}
 g - a scroll of amnesia {unknown}
 i - 2 scrolls of teleportation {unknown}
Potions
 d - a potion of might
 h - a potion of heal wounds {unknown}
 j - a potion of degeneration {unknown}
 l - a potion of flight {unknown}
Comestibles
 f - 2 rations
 k - 5 chunks of flesh


   Skills:
 + Level 3.9 Fighting
 + Level 3.0 Maces & Flails
 + Level 3.7 Armour
 + Level 0.6 Dodging
 + Level 4.2 Shields


You had 3 spell levels left.
You didn't know any spells.
Your spell library was empty.

Dungeon Overview and Level Annotations

Branches:
Dungeon (2/15)

Altars:


Innate Abilities, Weirdness & Mutations

You are resistant to torment.
Your stone body is resilient. (AC +3)
You are immune to poison.
You resist negative energy. (rN+)
You are resistant to electric shocks. (rElec)
You can survive without breathing.
You are immune to petrification.
You are immune to rotting.


Message History

You kill the ooze! 2 oozes and a jelly come into view.
The jelly quivers.
The ooze quivers.
The ooze hits the toadstool.
The toadstool is destroyed!
Found four items.
There is an open door here.
Things that are here:
a whip; a kobold corpse The jelly hits you.
The acid corrodes you!
You are splashed with acid!
The acid burns!
* * * LOW HITPOINT WARNING * * *
Things that are here:
a whip; a kobold corpse You hit the jelly.
Your hands burn!
* * * LOW HITPOINT WARNING * * *
The jelly is moderately wounded.
You block the jelly's attack.
You sock the jelly!
Your hands burn!
You die...

#..# #..## #...# #.#.##
####### ##....#
##########.....÷#
...#.####......##J...PP÷#
##.((.##)......#J#......#
.....((()(...[.#J#..PPPP#
......'))......#@#......#
......'......#'#.#P.PJP.#
......##.....#.#.#...÷.÷#
......###..[.#.#.#PPJ.PP#
....#.# #######(##..J.÷?#
....#..# ### ....##..
....# ....#


You could see a jelly and 2 oozes.

Vanquished Creatures
  A jelly (D:2)
  An adder (D:2)
  6 oozes (D:2)
  A worm (D:2)
  A dart slug (D:1)
  2 giant cockroaches (D:1)
  A hobgoblin (D:1)
  2 jackals (D:2)
  A bat (D:1)
  2 frilled lizards (D:1)
  2 goblins
  10 kobolds
  3 rats
33 creatures vanquished.

Vanquished Creatures (others)
  5 toadstools (D:2)
5 creatures vanquished.

Grand Total: 38 creatures vanquished

Notes
Turn   | Place    | Note
-------+----------+-------------------------------------------
     0 | D:1      | galech the Gargoyle Fighter began the quest for the Orb.
     0 | D:1      | Reached XP level 1. HP: 14/14 MP: 1/1
   175 | D:1      | Reached XP level 2. HP: 18/19 MP: 2/2
   664 | D:2      | Reached XP level 3. HP: 19/24 MP: 3/3
   755 | D:2      | Reached skill level 4 in Shields
   758 | D:2      | Reached XP level 4. HP: 17/29 MP: 4/4
   778 | D:2      | Splashed by a jelly's acid

Vault maps used:
D:1:      onia_arrival_pentagram
D:2:      cheibrodos_fertilizer, nemelex_xobeh_ov_fountains_minmay

Skill      XL: |  1  2  3  4 |
---------------+-------------+-----
Shields        | 4 |  4.2
Maces & Flails | 3 |  3.0
Fighting       | |  3.9
Armour         | |  3.7
Dodging        | |  0.6

Action                   |  1- 3 |  4- 6 || total
-------------------------+-------+-------++-------
Melee: Flail             |   124 |     8 ||   132
Armor: Scale mail        |    70 |     2 ||    72
Dodge: Dodged            |    48 |     1 ||    49
Block: Shield            |    84 |     3 ||    87

Table legend:
 A = Spawn XP
 B = Non-spawn XP
 C = Spawn XP percentage of total XP
 D = Spawn monster count
 E = Non-spawn monster count
 F = Spawn count percentage of total count
 G = Total turns spent on level
                    A         B        C        D         E        F      G
               +---------+---------+-------+---------+---------+-------+---------
         Total |       0 |     140 |   0.0 |       0 |      33 |   0.0 |   778
               +---------+---------+-------+---------+---------+-------+---------
           D:1 |       0 |      20 |   0.0 |       0 |      13 |   0.0 |   632
           D:2 |       0 |     120 |   0.0 |       0 |      20 |   0.0 |   146
               +---------+---------+-------+---------+---------+-------+---------
